 Dungeon Crawl Stone Soup version 0.30.1-3-gfc49f6343a (webtiles) character file.

Game seed: 3515923515877965987

1535 safid the Chiller (level 8, -1/65 HPs)
             Began as a Merfolk Ice Elementalist on July 26, 2023.
             Slain by an ice beast (12 damage)
             ... on level 7 of the Dungeon.
             The game lasted 00:10:01 (6704 turns).

safid the Chiller (Merfolk Ice Elementalist)        Turns: 6704, Time: 00:10:02

Health: -1/65      AC:  4    Str:  8    XL:     8   Next: 86%
Magic:  9/16       EV: 14    Int: 17    God:
Gold:   374        SH:  0    Dex: 14    Spells: 11/18 levels left

rFire   . . .        v - +2 falchion (elec)
rCold   . . .        (no shield)
rNeg    . . .        a - +0 robe
rPois   .            (no helmet)
rElec   .            (no cloak)
rCorr   .            e - +0 pair of gloves
SInv    +            o - +0 pair of boots
Will    .....        m - amulet of the acrobat
Stlth   ++           s - ring of see invisible
HPRegen 0.30/turn    (no ring)
MPRegen 0.15/turn

%: acrobat
@: freezing walls, studying Axes
A: (nimble swimmer 2), mertail
a: no special abilities


You were on level 7 of the Dungeon.
You visited 2 branches of the dungeon, and saw 8 of its levels.

You collected 374 gold pieces.

Inventory:

Hand Weapons
 v - a +2 falchion of electrocution (weapon)
Armour
 a - a +0 robe (worn)
 e - a +0 pair of gloves (worn)
 o - a +0 pair of boots (worn)
Jewellery
 f - a ring of fire
 m - an amulet of the acrobat (around neck)
 s - a ring of see invisible (left hand)
 x - a ring of fire
 B - an amulet of faith
Scrolls
 d - a scroll of silence
 g - 3 scrolls of fog
 i - 2 scrolls of summoning
 j - a scroll of blinking
 l - a scroll of amnesia
 n - a scroll of enchant armour {unknown}
 r - a scroll of noise {unknown}
 t - 3 scrolls of teleportation
 u - a scroll of fear {unknown}
 y - a scroll of enchant weapon {unknown}
 z - a scroll of magic mapping
Potions
 b - a potion of magic
 c - a potion of brilliance {unknown}
 h - a potion of haste {unknown}
 k - 4 potions of curing
 p - a potion of attraction {unknown}
 q - a potion of cancellation {unknown}
 w - a potion of berserk rage {unknown}
 A - 2 potions of flight


   Skills:
 + Level 6.3 Fighting
 + Level 4.7 Dodging
 - Level 2.1 Stealth
 + Level 5.8 Spellcasting
 + Level 7.9 Ice Magic


You had 11 spell levels left.
You knew the following spells:

 Your Spells              Type           Power      Damage    Failure   Level
a - Freeze                Ice            100%       1d10      1%          1
b - Frozen Ramparts       Ice            62%        1d10      1%          3
c - Ozocubu's Armour      Ice            31%        N/A       1%          3

Your spell library contained the following spells:

 Spells                   Type           Power      Damage    Failure   Level
 Summon Ice Beast         Ice/Summ       18%        N/A       26%         4


Dungeon Overview and Level Annotations

Branches:
Dungeon (7/15)             Temple (1/1) D:6

Altars:
Ashenzari
Cheibriados
Dithmenos
Gozag
Hepliaklqana
Kikubaaqudgha
Makhleb
Nemelex Xobeh
Okawaru
Qazlal
Ru
Sif Muna
Trog
Uskayaw
Vehumet
Xom
Yredelemnul
Zin
The Shining One

Annotations:
D:6 1 runed translucent door, Fodor's ghost, novice MiFi


Innate Abilities, Weirdness & Mutations

((You are very nimble when in or above water. (Stealth+, EV+, Speed+++)))
Your lower body shifts to a powerful aquatic tail in water.


Message History

The wall freezes the ice beast but does no damage.
The ice beast closely misses you.
The wall freezes the sky beast.
The sky beast hits you but does no damage.
The wall freezes the orc wizard.
You slash the sky beast!
The sky beast is severely wounded.
The white imp resists.
The wall freezes the white imp.
The ice beast completely resists.
The wall freezes the ice beast but does no damage.
The ice beast hits you. The ice beast freezes you!
The wall freezes the orc wizard.
You kill the orc wizard!
The wall freezes the sky beast but does no damage.
The sky beast hits you but does no damage.
The white imp completely resists.
The wall freezes the white imp but does no damage.
The wall freezes the sky beast but does no damage.
The sky beast hits you. The sky beast shocks you.
The ice beast completely resists.
The wall freezes the ice beast but does no damage.
The ice beast hits you. The ice beast freezes you!
* * * LOW HITPOINT WARNING * * *
You are too injured to fight recklessly!
Unknown command.
Unknown command.
You barely miss the sky beast.
The sky beast is severely wounded.
The white imp resists.
The wall freezes the white imp.
The wall freezes the sky beast.
The sky beast flickers out of sight for a moment.
The sky beast hits you but does no damage.
The wall freezes the ice beast but does no damage.
The ice beast misses you.
You barely miss the ice beast.
The white imp resists.
The wall freezes the white imp.
The wall freezes the ice beast but does no damage.
The ice beast hits you.
* * * LOW HITPOINT WARNING * * *
The ice beast freezes you!
You die...

#.........#
#.#.#######
#.#.#
##.#.########
#........(...
####..=......
#..+######
#..# #!@#
#YY# #)5#
..)# .#..#
#.#..# # #..#
#..'


You could see an ice beast, a sky beast (invisible) and a white imp.

Vanquished Creatures
  Menkaure (D:7)
  2 centaurs (D:6)
  A phantom (D:6)
  2 kobold brigands (D:7)
  2 bullfrogs
  A gnoll sergeant (D:5)
  5 scorpions
  A vampire bat (D:3)
  2 hounds
  2 jellies
  A sleepcap (D:4)
  2 iguanas
  3 orc wizards
  3 gnolls (D:5)
  4 adders
  A shadow imp (D:3)
  3 worms (D:2)
  8 dart slugs
  3 fire bats (D:3)
  13 orcs
  2 spectral bats (D:3)
  5 ball pythons
  3 bat skeletons (D:3)
  A bat zombie (D:3)
  6 endoplasms
  7 giant cockroaches
  7 goblins
  3 hobgoblins
  4 jackals
  11 kobolds
  2 quokkas
  18 bats
  A bat simulacrum (D:3)
  3 frilled lizards
  3 rats
136 creatures vanquished.

Notes
Turn   | Place    | Note
-------+----------+-------------------------------------------
     0 | D:1      | safid the Merfolk Ice Elementalist began the quest for the
                  | Orb.
     0 | D:1      | Reached XP level 1. HP: 13/13 MP: 3/3
   146 | D:1      | Reached XP level 2. HP: 20/20 MP: 5/5
   153 | D:1      | Reached skill level 1 in Fighting
   504 | D:1      | Reached XP level 3. HP: 15/26 MP: 6/6
   952 | D:1      | Found a faded altar of an unknown god.
  1414 | D:2      | Reached skill level 5 in Ice Magic
  1414 | D:2      | Reached XP level 4. HP: 33/33 MP: 5/8
  1418 | D:2      | Learned a level 3 spell: Frozen Ramparts
  1422 | D:2      | Learned a level 3 spell: Ozocubu's Armour
  2549 | D:3      | Found a burning altar of Makhleb.
  2564 | D:3      | Found an opulent altar of Gozag.
  2695 | D:3      | Reached XP level 5. HP: 39/39 MP: 9/9
  2902 | D:3      | Found a shimmering altar of Xom.
  2911 | D:3      | Found a radiant altar of Vehumet.
  3180 | D:3      | Reached XP level 6. HP: 43/47 MP: 9/11
  3530 | D:4      | Found a glowing silver altar of Zin.
  3738 | D:4      | Reached skill level 6 in Ice Magic
  4143 | D:5      | Entered Level 5 of the Dungeon
  4249 | D:5      | Reached XP level 7. HP: 42/54 MP: 6/13
  5299 | D:6      | Reached skill level 5 in Fighting
  5492 | D:6      | Found a sacrificial altar of Ru.
  5511 | D:6      | Reached skill level 5 in Spellcasting
  5511 | D:6      | Reached skill level 7 in Ice Magic
  5511 | D:6      | Reached XP level 8. HP: 59/62 MP: 9/15
  5716 | D:6      | Found a runed translucent door.
  5716 | D:6      | Noticed Fodor's ghost (novice MiFi)
  6311 | D:6      | Found a staircase to the Ecumenical Temple.
  6317 | Temple   | Entered the Ecumenical Temple
  6411 | D:7      | Noticed Menkaure
  6424 | D:7      | Killed Menkaure
  6704 | D:7      | Slain by an ice beast

Illustrated notes

Levels and vault maps discovered:
D:1:      roderic_dead_forest, layout_basic, dilly_ecumenical_altar_fadedgnrine
D:2:      layout_basic
D:3:      layout_loops_ring, amcnicky_altar_gilded,
          amethyst_overflow_temple_binary, lemuel_tele_altar, goddamned_bats
D:4:      cheibrodos_old_hovel, layout_loops_ring, zin_scriptorium
D:5:      layout_cave_pools, hangedman_abyss_or_decor_stabs,
          corexii_corridor_pit, chequers_avenue, feat_on_display
D:6:      layout_basic, kennysheep_little_box,
          minmay_temple_entry_enclosed_plants, gammafunk_ghost_grave,
          minmay_manual_mares
D:7:      layout_basic, minmay_misc_feat_doors, st_stairs_1,
          nrook_mini_backslash, minivault_11, minmay_misc_feat_rugged,
          nicolae_evil_shop, uniq_menkaure
Temple:   cyrus_circular_temple

Skill      XL: |  1  2  3  4  5  6  7  8 |
---------------+-------------------------+-----
Fighting       | 1 2 3 4 5 6 |  6.3
Ice Magic      | 5 6 7 |  7.9
Spellcasting   | 3 4 5 |  5.8
Dodging        | 4 |  4.7
Stealth        | |  2.1

Action                     |  1- 3 |  4- 6 |  7- 9 || total
---------------------------+-------+-------+-------++-------
  Melee: Short sword       |    54 |     8 |       ||    62
         Unarmed           |     2 |       |       ||     2
         Punch             |     1 |     3 |       ||     4
         Long sword        |       |   150 |       ||   150
         Falchion          |       |     8 |    58 ||    66
   Cast: Freeze            |    34 |    14 |       ||    48
         Frozen Ramparts   |       |     5 |    21 ||    26
         Ozocubu's Armour  |       |     2 |    14 ||    16
    Use: Scroll            |       |       |     9 ||     9
   Stab: Sleeping          |     7 |     5 |       ||    12
 Armour: Robe              |    24 |   101 |    25 ||   150
  Dodge: Dodged            |    49 |   200 |    75 ||   324
